Map: New Repugnancy LE

Players

CHOSENJIN - Winner!

  • Race: Terran Terran
  • Spawn Location: 1:00

angelcake

  • Race: Zerg Zerg
  • League: Platinum
  • Spawn Location: 7:00

VOD

Have the link to the VOD?

Description

Time

  • Played on: Feb. 19, 2019, 11:10 a.m.
  • Length: 18:01
Show
View Real Time Build Order
Export as new Build Order

CHOSENJIN Terran - Winner!

Build Orders: Reaper Expand 

Get SALT Encoding   

  12  0:01  SCV  
  13  0:13  SCV  
  14  0:17  Supply Depot  
  14  0:25  SCV  
  15  0:39  SCV  
  15  0:40  Barracks  
  16  0:47  Refinery  
  16  0:51  SCV  
  17  1:03  SCV  
  18  1:15  SCV  
  19  1:27  Orbital Command  
  19  1:30  Reaper  
  20  1:41  Command Center  
  20  1:51  Refinery  
  20  1:53  SCV  
  21  1:57  Supply Depot  
  21  2:06  SCV  
  21  2:08  Barracks Reactor  
  22  2:18  SCV  
  22  2:22  Factory  
  23  2:30  SCV  
  24  2:42  SCV  
  25  2:45  Marine x2  
  27  2:54  SCV  
  27  2:57  Orbital Command  
  28  3:03  Marine x2  
  30  3:08  Factory Tech Lab  
  30  3:13  Starport, SCV  
  31  3:21  Marine x2  
  31  3:25  SCV  
  31  3:26  SCV  
  35  3:33  Siege Tank  
  38  3:37  SCV  
  38  3:39  Supply Depot  
  38  3:41  SCV  
  40  3:52  SCV  
  40  3:53  Viking, SCV  
  44  4:03  Command Center  
  44  4:08  Supply Depot  
  44  4:09  Liberator  
  44  4:12  SCV x2  
  46  4:19  Supply Depot  
  46  4:20  Refinery  
  46  4:22  Refinery  
  45  4:24  SCV x2  
  50  4:31  Siege Tank  
  50  4:36  SCV x2  
  55  4:50  SCV x2  
  55  4:51  Starport  
  57  4:56  Engineering Bay  
  57  5:02  SCV x2  
  57  5:04  Fusion Core  
  59  5:09  Supply Depot  
  59  5:14  SCV x2  
  59  5:17  Orbital Command  
  61  5:25  Starport Tech Lab  
  61  5:26  SCV x2  
  63  5:30  Starport Tech Lab  
  66  5:35  Siege Tank  
  66  5:41  SCV x2  
  68  5:53  SCV  
  68  5:54  Supply Depot  
  68  5:55  Missile Turret  
  70  5:58  Orbital Command  
  70  5:59  Missile Turret  
  70  6:00  SCV  
  70  6:08  Battlecruiser x2  
  82  6:16  SCV x2  
  84  6:21  Refinery  
  84  6:28  Refinery, SCV  
  84  6:29  SCV x2  
  87  6:41  SCV x3  
  90  6:47  Command Center  
  90  6:48  Armory  
  90  6:50  Armory  
  90  6:56  SCV x3  
  93  7:02  Corvid Reactor  
  93  7:14  SCV x3  
  96  7:17  Supply Depot  
  96  7:19  Supply Depot  
  96  7:20  Supply Depot  
  96  7:24  Battlecruiser x2  
  108  7:36  Command Center  
  108  7:39  SCV x3  
  111  7:46  Terran Vehicle And Ship Armor Level 1, Terran Ship Weapons Level 1  
  111  7:51  Starport  
  111  7:52  Starport  
  111  8:04  Orbital Command  
  108  8:08  Supply Depot  
  108  8:14  Sensor Tower  
  108  8:16  Command Center  
  108  8:21  Command Center  
  108  8:28  Battlecruiser x2  
  108  8:29  Starport Tech Lab x2  
  108  8:34  Supply Depot  
  120  8:37  Supply Depot  
  120  8:46  Sensor Tower  
  114  9:13  Refinery  
  114  9:15  Refinery  
  114  9:16  Battlecruiser x2  
  120  9:27  SCV x4  
  113  9:31  Orbital Command  
  113  9:39  SCV x4  
  113  9:41  Planetary Fortress  
  116  9:49  Terran Ship Weapons Level 2  
  116  9:50  Terran Vehicle And Ship Armor Level 2  
  116  9:52  Orbital Command  
  116  9:57  SCV x2  
  116  9:58  Command Center, SCV x3  
  121  10:00  Orbital Command  
  121  10:19  Battlecruiser x2  
  133  10:31  Weapon Refit  
  133  10:34  SCV x2  
  133  10:35  SCV x2  
  137  10:48  Command Center  
  137  10:53  Battlecruiser x2, Supply Depot  
  137  10:55  Supply Depot  
  143  10:57  Supply Depot  
  143  11:00  Command Center  
  143  11:02  Command Center, Refinery  
  143  11:03  Refinery  
  143  11:04  Missile Turret  
  143  11:10  Orbital Command  
  143  11:23  Raven x2  
  147  11:44  SCV x3  
  146  12:04  Planetary Fortress  
  146  12:06  Command Center  
  146  12:09  Battlecruiser x2  
  146  12:10  Battlecruiser x2  
  146  12:12  Orbital Command  
  170  12:18  SCV  
  170  12:19  SCV x3  
  170  12:21  SCV x3  
  178  12:22  Command Center  
  177  12:35  Command Center  
  177  12:39  Terran Ship Weapons Level 3, Terran Vehicle And Ship Armor Level 3  
  177  12:47  Starport  
  177  12:49  Starport x2  
  177  12:51  Starport, Orbital Command  
  177  13:16  Command Center  
  177  13:17  Battlecruiser x2  
  177  13:19  Command Center  
  189  13:20  Orbital Command  
  189  13:26  Starport Tech Lab x3  
  189  13:27  Starport Tech Lab  
  189  13:31  Battlecruiser  
  195  13:57  Command Center  
  195  14:06  Planetary Fortress  
  195  14:22  Refinery  
  195  14:24  Refinery  
  195  14:30  Battlecruiser  
  196  14:40  Command Center  
  196  14:44  Command Center  
  196  14:50  Sensor Tower  
  196  15:00  Raven  
  196  15:01  Raven  
  194  15:34  Battlecruiser  
  192  15:57  Battlecruiser  
  192  15:58  Raven  
  200  16:06  Orbital Command x4  
  200  16:07  Orbital Command  
  200  17:49  Command Center  
  200  17:59  Refinery  
Show
View Real Time Build Order
Export as new Build Order

angelcake Zerg 

Build Orders: Hatch First 

Get SALT Encoding   

  12  0:01  Drone  
  13  0:12  Overlord  
  13  0:18  Drone  
  14  0:31  Drone x2  
  16  0:52  Hatchery  
  16  0:53  Drone  
  16  0:56  Drone  
  17  0:59  Drone  
  18  1:12  Extractor  
  18  1:16  Spawning Pool  
  16  1:19  Drone  
  16  1:22  Drone  
  18  1:27  Drone  
  19  1:39  Overlord  
  19  1:52  Drone  
  20  2:03  Queen x2  
  20  2:06  Zergling x4  
  26  2:15  Drone x2  
  28  2:21  Drone  
  29  2:28  Drone  
  30  2:33  Metabolic Boost  
  30  2:41  Drone  
  30  2:54  Zergling x8  
  33  3:00  Queen  
  34  3:11  Zergling x4  
  36  3:18  Overlord x2  
  36  3:19  Hatchery  
  34  3:26  Overlord  
  34  3:31  Drone  
  35  3:45  Drone x6  
  41  4:11  Drone x6  
  47  4:22  Baneling Nest  
  47  4:23  Lair, Roach Warren  
  45  4:28  Drone  
  45  4:29  Drone x6  
  51  4:33  Drone x3  
  54  4:56  Spore Crawler  
  53  5:00  Spore Crawler  
  53  5:01  Spine Crawler  
  51  5:08  Spore Crawler  
  51  5:13  Drone x5  
  51  5:14  Drone x2  
  57  5:17  Extractor  
  57  5:19  Extractor  
  55  5:22  Spore Crawler  
  55  5:24  Drone x3  
  55  5:27  Extractor  
  56  5:29  Extractor  
  56  5:30  Overlord x2  
  56  5:34  Pneumatized Carapace  
  56  5:35  Centrifical Hooks  
  52  5:49  Drone x3  
  55  5:51  Drone x3  
  58  6:05  Evolution Chamber  
  58  6:09  Hydralisk Den  
  58  6:10  Drone x3  
  58  6:11  Extractor  
  57  6:24  Spine Crawler  
  56  6:26  Drone  
  56  6:27  Drone x8  
  56  6:31  Zerg Ground Armor Level 1  
  65  6:41  Evolution Chamber  
  65  6:43  Muscular Augments  
  65  6:44  Zergling x12  
  65  6:45  Zergling x4  
  72  7:00  Glial Reconstitution  
  72  7:03  Overlord x5  
  72  7:20  Queen x2  
  76  7:28  Baneling x2  
  76  7:29  Baneling x3  
  76  7:30  Hydralisk x5  
  76  7:31  Hydralisk x8  
  102  7:42  Zerg Missile Weapons Level 1  
  102  7:46  Roach x5  
  102  7:50  Baneling  
  102  7:51  Baneling x6  
  112  7:52  Overseer  
  110  8:12  Roach  
  112  8:13  Overlord x3  
  112  8:14  Overlord x2  
  112  8:18  Drone  
  113  9:05  Roach x3, Hydralisk x2  
  113  9:06  Roach x3, Hydralisk  
  124  9:20  Roach x7  
  114  9:24  Hydralisk x4  
  114  9:25  Hydralisk  
  107  9:36  Spore Crawler  
  106  9:41  Queen x3, Spore Crawler  
  106  9:44  Zerg Missile Weapons Level 2  
  111  9:49  Spire  
  111  9:51  Spore Crawler  
  109  9:58  Hydralisk x8  
  109  9:59  Hydralisk  
  127  10:17  Drone x3  
  127  10:18  Drone x5  
  135  10:25  Hatchery  
  134  11:06  Zerg Flyer Weapons Level 1  
  134  11:11  Overlord x2  
  134  11:12  Drone x2  
  134  11:14  Roach  
  138  11:19  Overlord x2  
  138  11:22  Zerg Ground Armor Level 2  
  138  11:38  Hydralisk x7  
  138  11:39  Hydralisk x8  
  132  12:00  Corruptor x8  
  146  12:12  Spore Crawler  
  146  12:13  Hydralisk x4  
  153  12:16  Spore Crawler  
  153  12:22  Drone x6  
  158  12:43  Hydralisk x7  
  158  12:44  Hydralisk  
  174  13:09  Overlord x2  
  174  13:10  Roach, Overlord  
  174  13:11  Overlord  
  176  13:13  Overlord  
  176  13:18  Infestation Pit  
  175  13:42  Hydralisk  
  175  13:43  Hydralisk x8  
  193  13:54  Spore Crawler  
  193  13:55  Spore Crawler  
  191  13:56  Spine Crawler  
  191  13:57  Spine Crawler  
  191  14:01  Hatchery  
  188  14:03  Hive  
  188  14:41  Ravager x2  
  188  14:43  Ravager x2  
  192  14:47  Zerg Flyer Armor Level 1  
  192  14:50  Spire  
  189  15:09  Hydralisk x6  
  189  15:10  Hydralisk x8  
  189  15:11  Hydralisk x3  
  189  15:12  Hydralisk  
  193  15:15  Corruptor x3  
  193  15:16  Corruptor x4  
  193  15:21  Hydralisk x2  
  156  15:30  Hydralisk x3  
  133  15:39  Corruptor x2  
  83  15:58  Corruptor x4  
  83  15:59  Hydralisk  
  73  16:08  Corruptor  
  65  16:12  Spore Crawler  
  56  16:23  Corruptor, Spore Crawler  
  52  16:33  Overlord x2  
  52  16:36  Hydralisk  
  41  16:46  Spore Crawler  
  36  16:48  Corruptor, Overlord  
  38  16:55  Hydralisk  
  22  17:10  Hydralisk  
  22  17:15  Hydralisk  
  28  17:37  Spore Crawler  
Tags
 
Add a new tag
Caveats
  • Supply blocks, unpowered buildings, or Contaminate may cause inaccurate times.
  • Supply counts are checked every 10 seconds.